 Dungeon Crawl Stone Soup version 0.31-a0-430-gf8416d752b (webtiles) character file.

Game seed: 10856233140174201910

643 AdnanSaban the Covered (level 7, -6/44 HPs)
             Began as a Gargoyle Fighter on July 31, 2023.
             Mangled by a mummy (8 damage)
             ... in an ossuary.
             The game lasted 00:03:44 (3734 turns).

AdnanSaban the Covered (Gargoyle Fighter)           Turns: 3734, Time: 00:03:45

Health: -6/44      AC: 13    Str: 21    XL:     7   Next: 51%
Magic:  7/7        EV: 10    Int:  9    God:
Gold:   126        SH:  4    Dex:  9    Spells: 6/6 levels left

rFire   . . .        a - +0 flail
rCold   . . .        c - +0 buckler
rNeg    + . .        b - +0 scale mail
rPois   ∞            (no helmet)
rElec   +            k - +0 cloak
rCorr   .            (no gloves)
SInv    .            (no boots)
Will    .....        m - amulet of regeneration Stlth
                     (no ring)
HPRegen 1.07/turn    (no ring)
MPRegen 0.10/turn

%: no passive effects
@: no status effects
A: sickness immunity, AC +4, negative energy resistance 1, electricity
resistance, torment resistance 1, petrification resistance
a: no special abilities


You were in an ossuary.
You visited 1 branch of the dungeon, and saw 5 of its levels.
You also visited: Ossuary.

You collected 126 gold pieces.

Inventory:

Hand Weapons
 a - a +0 flail (weapon)
Missiles
 g - 8 boomerangs
 q - 4 poisoned darts
 w - 5 javelins
Armour
 b - a +0 scale mail (worn)
 c - a +0 buckler (worn)
 k - a +0 cloak (worn)
Jewellery
 m - an amulet of regeneration (around neck)
Wands
 o - a wand of flame (16)
Scrolls
 e - 2 scrolls of teleportation {unknown}
 f - a scroll of noise {unknown}
 i - 2 scrolls of fear {unknown}
 j - a scroll of fog {unknown}
 l - 3 scrolls of identify {unknown}
 p - a scroll of poison {unknown}
 r - a scroll of acquirement {unknown}
 u - a scroll of enchant armour {unknown}
 v - a scroll of revelation {unknown}
Potions
 d - 2 potions of might
 h - a potion of resistance {unknown}
 n - a potion of curing {unknown}
 s - a potion of invisibility {unknown}
 t - a potion of enlightenment {unknown}


   Skills:
 + Level 4.5 Fighting
 + Level 5.2 Maces & Flails
 + Level 5.2 Armour
 + Level 1.7 Dodging
 + Level 0.2 Stealth
 + Level 4.6 Shields


You had 6 spell levels left.
You didn't know any spells.
Your spell library contained the following spells:

 Spells                   Type           Power      Damage    Failure   Level
 Ignite Poison            Fire/Tmut/Pois 0%         N/A       98%         3
 Freezing Cloud           Conj/Ice/Air   0%         6-21      100%        5
 Cigotuvi's Dreadful Rot  Necr/Pois/Air  Unusable   N/A       N/A         2

Dungeon Overview and Level Annotations

Branches:
Dungeon (5/15)            Ossuary (1/1)
 Temple: D:4-7

Altars:
Dithmenos
Hepliaklqana
Makhleb
Sif Muna

Shops:
D:3 (   D:4 =


Innate Abilities, Weirdness & Mutations

You are immune to sickness and miasma.
Your stone body is resilient. (AC +4)
You are immune to poison.
You resist negative energy. (rN+)
You are resistant to electric shocks. (rElec)
You are resistant to unholy torment.
You are immune to petrification.


Message History

The mummy is lightly damaged.
The centaur zombie closely misses you. You block the centaur zombie's attack.
The mummy hits you.
You hit the mummy but do no damage.
The mummy is lightly damaged.
The centaur zombie hits you but does no damage.
The centaur zombie kicks you but does no damage.
The mummy hits you. The mummy closely misses you.
Unknown command.
You barely miss the centaur zombie. You block the centaur zombie's attack.
The centaur zombie kicks you. The mummy closely misses you.
The centaur zombie hits you but does no damage.
The centaur zombie kicks you but does no damage.
The mummy closely misses you. The mummy barely misses you.
You hit the centaur zombie.
The centaur zombie is lightly damaged.
The centaur zombie completely misses you.
You block the centaur zombie's attack. The mummy completely misses you.
You hit the centaur zombie.
The centaur zombie is moderately damaged.
The centaur zombie hits you but does no damage.
You block the centaur zombie's attack. The mummy closely misses you.
The mummy hits you!
* * * LOW HITPOINT WARNING * * *
The centaur zombie hits you but does no damage.
The centaur zombie barely misses you.
You completely miss the centaur zombie.
The centaur zombie is moderately damaged.
The centaur zombie hits you but does no damage.
The centaur zombie kicks you.
* * * LOW HITPOINT WARNING * * *
The mummy closely misses you. The mummy hits you but does no damage.
The mummy hits you!
* * * LOW HITPOINT WARNING * * *
You hit the centaur zombie.
The centaur zombie is moderately damaged.
The centaur zombie closely misses you. x2
The centaur zombie hits you but does no damage.
The centaur zombie misses you. The mummy hits you!
You die...

#####
##..Z##
#...M@#
#...MM#
#....Z#
#.....#
#..∩..#
#.....#
#..∩..#
#.....#
#..^.^#


You could see 3 mummies and 2 centaur zombies.

Vanquished Creatures
  A sky beast (D:5)
  A phantom (D:4)
  A scorpion (D:4)
  A centaur zombie (Ossuary)
  A hound (D:5)
  3 iron imps (D:4)
  A jelly (D:4)
  An iguana (D:3)
  An orc wizard (D:4)
  Ijyb (D:4)
  A mummy (D:5)
  3 gnolls (D:5)
  4 adders
  A worm (D:3)
  2 dart slugs
  6 orcs
  8 endoplasms
  5 giant cockroaches
  11 goblins
  7 hobgoblins
  2 jackals (D:3)
  5 kobolds
  2 quokkas
  9 ball pythons
  9 bats
  3 frilled lizards (D:1)
  3 rats
93 creatures vanquished.

Notes
Turn   | Place    | Note
-------+----------+-------------------------------------------
     0 | D:1      | AdnanSaban the Gargoyle Fighter began the quest for the
                  | Orb.
     0 | D:1      | Reached XP level 1. HP: 14/14 MP: 1/1
   136 | D:1      | Reached XP level 2. HP: 18/19 MP: 2/2
   502 | D:1      | Reached XP level 3. HP: 23/23 MP: 3/3
  1053 | D:2      | Found a hazy altar of Hepliaklqana.
  1118 | D:2      | Reached XP level 4. HP: 25/28 MP: 4/4
  1927 | D:3      | Found Wareucosia's Weapon Shop.
  2032 | D:3      | Reached XP level 5. HP: 33/33 MP: 5/5
  2526 | D:4      | Reached skill level 1 in Dodging
  2844 | D:4      | Reached XP level 6. HP: 37/38 MP: 6/6
  2877 | D:4      | Found a shadowy altar of Dithmenos.
  2961 | D:4      | Found a shimmering blue altar of Sif Muna.
  3001 | D:4      | Found Bietuil's Jewellery Shoppe.
  3113 | D:4      | Noticed Ijyb
  3127 | D:4      | Killed Ijyb
  3165 | D:4      | Found a burning altar of Makhleb.
  3190 | D:4      | Reached skill level 5 in Armour
  3421 | D:5      | Entered Level 5 of the Dungeon
  3459 | D:4      | Reached XP level 7. HP: 43/43 MP: 7/7
  3578 | D:5      | Reached skill level 5 in Maces & Flails
  3696 | D:5      | Found a sand-covered staircase.
  3708 | Ossuary  | Entered an ossuary
  3733 | Ossuary  | HP: 1/44 [mummy (11)]
  3734 | Ossuary  | Mangled by a mummy

Illustrated notes

Levels and vault maps discovered:
D:1:      onia_arrival_pyramid, layout_basic, dk_noncrumbling_4
D:2:      layout_loops_ring, basic_altar
D:3:      layout_basic, serial_shops, nicolae_shop_bloodbath_and_beyond,
          st_stairs_11, kennysheep_generic_room_3
D:4:      layout_basic, demons_altar, mainiacjoe_overflow_swirl, serial_shops,
          shop, item_on_display_a, uniq_ijyb
D:5:      cheibrodos_thug_alley, layout_basic, tgw_xom,
          minmay_temple_entry_large_hall, gup_ossuary_entry_pyramid
Ossuary:  ossuary_the_hunt_dpeg

Skill      XL: |  1  2  3  4  5  6  7 |
---------------+----------------------+-----
Maces & Flails | 3 4 5 |  5.2
Armour         | 4 5 |  5.2
Dodging        | 1 |  1.7
Shields        | 4 |  4.6
Fighting       | 4 |  4.5
Stealth        | |  0.2

Action                     |  1- 3 |  4- 6 |  7- 9 || total
---------------------------+-------+-------+-------++-------
  Melee: Flail             |   137 |   232 |    88 ||   457
 Armour: Scale mail        |    90 |   145 |    96 ||   331
  Dodge: Dodged            |    67 |   109 |    56 ||   232
  Block: Buckler           |    32 |    55 |    24 ||   111

Table legend: (Time is in decaauts)
 A = Elapsed time spent in this place.
 B = Non-inter-level travel time spent in this place.
 C = Inter-level travel time spent in this place.
 D = Time resting spent in this place.
 E = Time spent auto-exploring this place.
 F = Levels seen in this place.
 G = Mean time per level.
                   A        B        C        D        E       F      G
               +--------+--------+--------+--------+--------+-----+--------+
         Total |   3847 |   3680 |    167 |      0 |   2766 |   6 |  641.2 |
       Dungeon |   3819 |   3652 |    167 |      0 |   2766 |   5 |  763.8 |
       Ossuary |     28 |     28 |      0 |      0 |      0 |   1 |   28.0 |
               +--------+--------+--------+--------+--------+-----+--------+

Top non-repeatable levels by time:
     D:3: 1023 daAuts
     D:4: 1017 daAuts
     D:2: 778 daAuts
     D:1: 745 daAuts
     D:5: 253 daAuts
 Ossuary: 28 daAuts
